 Dungeon Crawl Stone Soup version 0.28.0-53-g5a82cb258f (webtiles) character file.

Game seed: 6735095823035724134

65 raph the Poker (level 3, -7/31 HPs)
             Began as a Minotaur Fighter on July 14, 2022.
             Was an Initiate of Gozag.
             Mangled by a gnoll
             ... wielding a +0 halberd
              (8 damage)
             ... on level 2 of the Dungeon.
             The game lasted 00:01:32 (1178 turns).

raph the Poker (Minotaur Fighter)                   Turns: 1178, Time: 00:01:32

Health: -7/31      AC:  6    Str: 20    XL:     3   Next: 94%
Magic:  2/2        EV:  5    Int:  5    God:    Gozag
Gold:   170        SH:  0    Dex: 11    Spells: 2/2 levels left

rFire   . . .      SeeInvis .   a - +0 trident
rCold   . . .      Faith    .   c - +0 buckler
rNeg    . . .      Spirit   .   b - +0 scale mail
rPois   .          Reflect  .   (helmet restricted)
rElec   .          Harm     .   (no cloak)
rCorr   .          Rampage  .   (no gloves)
Will    .....                   (no boots)
Stlth   ..........              (no amulet)
HPRegen 0.10/turn               h - +4 ring of slaying
MPRegen 0.08/turn               (no ring)

@: mighty, lethally poisoned (-7 -> -8), held
A: horns 2, retaliatory headbutt
a: Renounce Religion, Potion Petition, Call Merchant, Bribe Branch


You were on level 2 of the Dungeon.
You worshipped Gozag.
Gozag was aware of your devotion.
You visited 1 branch of the dungeon, and saw 2 of its levels.

You collected 170 gold pieces.

Inventory:

Hand Weapons
 a - a +0 trident (weapon)
Armour
 b - a +0 scale mail (worn)
 c - a +0 buckler (worn)
Jewellery
 h - a +4 ring of slaying (left hand)
Scrolls
 e - a scroll of identify
 g - a scroll of holy word


   Skills:
 - Level 3.6 Fighting
 + Level 5.2 Polearms
 - Level 3.6 Armour
 - Level 3.6 Shields


You had 2 spell levels left.
You didn't know any spells.
Your spell library contained the following spells:

 Spells                   Type           Power      Damage    Failure   Level
 Sandblast                Erth           0%         2d4       89%         1
 Passwall                 Tmut/Erth      0%         N/A       96%         2
 Stone Arrow              Conj/Erth      0%         3d7       99%         3


Dungeon Overview and Level Annotations

Branches:
Dungeon (2/15)

Altars:
Gozag
Wu Jian


Innate Abilities, Weirdness & Mutations

You have a pair of horns on your head.
You reflexively headbutt those who attack you in melee.


Message History

You are poisoned.
You closely miss the gnoll.
The gnoll is heavily wounded.
You feel very sick. The gnoll hits you with a +0 whip.
The gnoll hits you with a +0 flail of venom!
* * * LOW HITPOINT WARNING * * *
You block the gnoll's attack.
You are too injured to fight recklessly!
You are too injured to fight recklessly!
You are too injured to fight recklessly!
You are too injured to fight recklessly!
You are too injured to fight recklessly!
* * * LOW HITPOINT WARNING * * *
You feel sick.
The gnoll throws a throwing net.
The throwing net hits you.
You become entangled in the net!
You see here a throwing net.
You tear a large gash into the net.
* * * LOW HITPOINT WARNING * * *
You feel sick. The gnoll closely misses you.
You feel very mighty all of a sudden.
* * * LOW HITPOINT WARNING * * *
You feel sick. The gnoll hits you but does no damage.
It was a potion of heal wounds.
You feel much better.
You feel sick. The gnoll hits you but does no damage.
You struggle against the net.
You feel sick.
The gnoll hits you from afar with a +0 halberd!
You struggle against the net.
You feel sick.
The gnoll hits you from afar with a +0 halberd!
* * * LOW HITPOINT WARNING * * *
The gnoll hits you but does no damage.
Okay, then.
As you read the scroll labelled QUMNYS RAGOU, it crumbles to dust.
It is a scroll of identify.
g - a scroll of holy word
* * * LOW HITPOINT WARNING * * *
You feel sick.
The gnoll hits you from afar with a +0 halberd!
You die...
Your body crumbles into a pile of gold.

#......# #......#
#..._..# ##.....# #.....#
#.#..## #.# #...##
#######.###.#############
........#.......@#......#
#.##........#.###gg#
#.##.##.#.##.## ##g.....#
.......#..#..# ....#(#
...#.##.#.#..## .##....
.>.#.##.#.....###... ...
$ ........#........#.. ..
...#####.......###### #
.).# #.......#


You could see 3 gnolls.

Vanquished Creatures
  Terence (D:2)
  A gnoll (D:2)
  A dart slug (D:1)
  6 bats
  A giant cockroach (D:1)
  3 hobgoblins
  2 jackals (D:1)
  2 quokkas (D:1)
  3 ball pythons (D:1)
  2 frilled lizards (D:1)
  4 kobolds
  A rat (D:1)
27 creatures vanquished.

Notes
Turn   | Place    | Note
-------+----------+-------------------------------------------
     0 | D:1      | raph the Minotaur Fighter began the quest for the Orb.
     0 | D:1      | Reached XP level 1. HP: 19/19 MP: 0/0
   163 | D:1      | Reached skill level 3 in Polearms
   178 | D:1      | Reached XP level 2. HP: 25/26 MP: 1/1
   313 | D:1      | Found a faded altar of an unknown god.
   319 | D:1      | Prayed at the altar of an unknown god.
   319 | D:1      | Became a worshipper of Gozag Ym Sagoz the Greedy
   640 | D:1      | Reached skill level 4 in Polearms
   822 | D:2      | Noticed Terence
   838 | D:2      | Killed Terence
   839 | D:2      | Reached XP level 3. HP: 13/31 MP: 2/2
  1108 | D:2      | Found an ornate altar of the Wu Jian Council.
  1165 | D:2      | Reached skill level 5 in Polearms
  1178 | D:2      | HP: 1/31 [poisoned by a gnoll]
  1178 | D:2      | Mangled by a gnoll

Illustrated notes

Levels and vault maps discovered:
D:1:      minmay_arrival_glassed_features, layout_basic,
          dreamdust_ecumenical_altar_angels_and_demons,
          chequers_serial_rivers_micro_a
D:2:      layout_loops_cross, basic_altar, minmay_pentomino_q4, uniq_terence

Skill      XL: |  1  2  3 |
---------------+----------+-----
Polearms       | 3 4 5 |  5.2
Fighting       | |  3.6
Armour         | |  3.6
Shields        | |  3.6

Action                   || total
-------------------------++-------
Melee: Trident           ||    77
       Headbutt          ||     5
  Use: Potion            ||     2
       Scroll            ||     1
Armor: Scale mail        ||    26
Dodge: Dodged            ||    26
Block: Buckler           ||    11
